 Dungeon Crawl Stone Soup version 0.27.0-1-g7a089689b8 (webtiles) character file.

Game seed: 9247191704733505543

6127 H0rd4k the Summoner (level 10, -1/63 HPs)
             Began as a Barachi Summoner on Aug 6, 2021.
             Was a Believer of Qazlal.
             Hit by a boomerang thrown by a merfolk (18 damage)
             ... on level 3 of the Lair of Beasts.
             The game lasted 00:43:04 (18964 turns).

H0rd4k the Summoner (Barachi Summoner)             Turns: 18964, Time: 00:43:07

Health: -1/63      AC:  5    Str:  9    XL:     10   Next: 89%
Magic:  24/34      EV: 12    Int: 19    God:    Qazlal [**....]
Gold:   567        SH:  3    Dex: 13    Spells: 20/32 levels left

rFire    . . .     SeeInvis .   (no weapon)
rCold    . . .     Faith    .   (no shield)
rNeg     . . .     Spirit   .   x - +2 leather armour {Will+}
rPois    .         Reflect  .   (no helmet)
rElec    .         Harm     .   (no cloak)
rCorr    .         Rampage  .   (no gloves)
Will     +....                  (no boots)
Stlth    +.........             e - amulet of magic regeneration
HPRegen  0.20/turn              A - ring of magical power
MPRegen  0.49/turn              (no ring)

@: unable to hop, mesmerised, slow
A: amphibious, slowness 1, strong legs 1, +LOS
a: Hop, Renounce Religion, Upheaval


You were on level 3 of the Lair of Beasts.
You worshipped Qazlal.
Qazlal was pleased with you.
You visited 2 branches of the dungeon, and saw 13 of its levels.

You collected 567 gold pieces.

Inventory:

Armour
 a - a +1 robe
 x - a +2 leather armour of willpower (worn)
Magical Staves
 g - a staff of fire
 B - a staff of fire
Jewellery
 e - an amulet of magic regeneration (around neck)
 A - a ring of magical power (left hand)
 D - a +6 ring of dexterity
Wands
 h - a wand of polymorph (9)
 j - a wand of charming (6)
 m - a wand of digging (10)
 y - a wand of mindburst (9)
Scrolls
 b - 2 scrolls of noise {unknown}
 i - 2 scrolls of enchant armour
 o - a scroll of immolation {unknown}
 r - a scroll of holy word {unknown}
 s - 2 scrolls of fog {unknown}
 t - 4 scrolls of blinking {unknown}
 u - a scroll of fear
 w - a scroll of magic mapping {unknown}
 F - a scroll of teleportation
Potions
 c - a potion of heal wounds
 d - 3 potions of mutation
 f - 2 potions of lignification
 k - a potion of brilliance {unknown}
 l - 8 potions of curing
 n - a potion of resistance
 p - a potion of degeneration {unknown}
 q - a potion of magic
 z - a potion of cancellation {unknown}
 C - a potion of might {unknown}
 E - 2 potions of flight {unknown}
 G - a potion of attraction {unknown}


   Skills:
 + Level 2.8 Dodging
 - Level 1.7 Stealth
 + Level 1.3 Shields
 * Level 11.8 Spellcasting
 * Level 12.2 Summonings
 + Level 4.1 Air Magic
 + Level 2.0 Earth Magic


You had 20 spell levels left.
You knew the following spells:

 Your Spells              Type           Power      Damage    Failure   Level
a - Summon Small Mammal   Summ           100%       N/A       1%          1
b - Call Canine Familiar  Summ           55%        N/A       1%          3
c - Summon Lightning Spi  Summ/Air       42%        N/A       3%          4
d - Animate Armour        Summ/Erth      76%        N/A       4%          4

Your spell library contained the following spells:

 Spells                   Type           Power      Damage    Failure   Level
 Call Imp                 Summ           55%        N/A       1%          2
 Summon Guardian Golem    Hex/Summ       34%        N/A       2%          3
 Gell's Gravitas          Tloc           5%         N/A       26%         3
 Teleport Other           Tloc           11%        N/A       26%         3
 Hailstorm                Conj/Ice       11%        3d5       65%         4
 Ice Form                 Ice/Tmut       11%        N/A       65%         4
 Blade Hands              Tmut           5%         N/A       94%         5
 Dispersal                Tloc           5%         N/A       100%        6
 Iron Shot                Conj/Erth      7%         9d2       100%        6
 Simulacrum               Ice/Necr       5%         N/A       100%        6


Dungeon Overview and Level Annotations

Branches:
Dungeon (10/15)            Temple (0/1) D:7            Lair (3/6) D:9
  Swamp: Lair:2-4    Shoals: Lair:2-4     Snake: Lair:2-4    Spider: Lair:2-4
    Orc: D:9-12

Altars:
Cheibriados
Nemelex Xobeh
Qazlal
Trog
Vehumet

Shops:
D:5 *   D:8 *

Annotations:
D:3 exclusion: downstairs
D:5 exclusions: 2 downstairs, sky beast and statue
D:6 exclusion: oklob plant
D:7 exclusions: downstairs and upstairs
D:8 exclusions: killer bee and upstairs
D:9 exclusion: downstairs
Lair:1 3 runed translucent doors, exclusions: 3 doors and 2 downstairs, Purph's ghost, journeyman MiBe; Xaytacwe's ghost, journeyman GnNe


Innate Abilities, Weirdness & Mutations

You are amphibious.
You cover ground slowly.
You can hop short distances.
You have an extended range of vision and can be seen from far away.


Message History

The merfolk siren chants its luring song.
The merfolk siren chants its luring song.
Your warg bites the merfolk siren!
The merfolk siren chants its luring song.
Your warg bites the merfolk siren!
Casting: Animate Armour (dangerous; 4% risk of failure)
Confirm with . or Enter, or press ? or * to list all spells.
An electric hum fills the air.
Your quokka misses the merfolk siren.
Your warg bites the merfolk siren.
The merfolk siren chants its luring song.
Unknown command.
You cannot move away from the merfolk siren!
Your quokka bites the merfolk siren.
The merfolk hits you from afar with a +0 trident.
Your warg barely misses the merfolk siren.
The merfolk siren barely misses your warg.
Your quokka bites the merfolk siren.
The merfolk throws a boomerang.
The boomerang hits you!!
Your warg closely misses the merfolk siren.
Your quokka bites the merfolk siren but does no damage.
The merfolk siren chants its luring song.
Your warg closely misses the merfolk siren.
The merfolk hits you from afar with a +0 trident!
Casting: Summon Lightning Spire (dangerous; 3% risk of failure)
Confirm with . or Enter, or press ? or * to list all spells.
Your warg disappears in a puff of smoke!
Your quokka bites the merfolk siren.
The merfolk siren hits your quokka with a +0 trident.
Your animated leather armour is engulfed in blazing flames.
The merfolk hits you from afar with a +0 trident.
* * * LOW HITPOINT WARNING * * *
You cannot move away from the merfolk siren!
Hop to where?
Press: ? - help, Dir - move target Boing!
Your quokka bites the merfolk siren.
The merfolk siren hits your quokka with a +0 trident!
Your quokka dies!
Your quokka's corpse disappears in a puff of smoke!
The merfolk throws a boomerang.
The boomerang hits you!!
You die...

.........P# #.#...#
#.>.
...PP...8P######..##
#...
........○[.#.###..#
##...
........h○.m#.##..P
#....
........○..)........
#....
..............§m...#
##....
..............§..#m.
#.#...
.................#
##....
..........@......#
#....
..................#
##...
.................#
#...
..................
#...
................#
#...
................#
###.
...............## ##
####.######P##.# #
## ## .#


You could see a merfolk (ally target), a merfolk siren (mesmerising, unaware), a
friendly animated leather armour (summoned), a friendly wolf (summoned) and a
friendly lightning spire (summoned).

Vanquished Creatures (collateral kills)
  A hydra (D:9)
  A black mamba (Lair:1)
  A merfolk siren (Lair:3)
  4 torpor snails (Lair:1)
  A rime drake (Lair:1)
  4 komodo dragons
  2 cane toads (Lair:1)
  2 trolls
  A hornet (Lair:1)
  13 yaks
  A vampire mosquito (D:9)
  Menkaure (D:6)
  4 water moccasins
  Duvessa (D:7)
  A nameless horror (D:6)
  4 orc warriors
  3 ice beasts
  A sky beast (D:6)
  3 black bears
  3 ogres
  A necrophage (D:4)
  4 wolves (Lair:1)
  2 centaurs (D:8)
  2 kobold brigands
  Blork the orc (D:5)
  5 bullfrogs
  2 scorpions
  A water moccasin skeleton (D:6)
  Dowan (D:7)
  10 killer bees (D:8)
  3 howler monkeys
  2 electric eels (D:9)
  9 jellies
  2 centaur zombies
  3 hounds
  Crazy Yiuf (D:6)
  A centaur skeleton (D:5)
  7 orc priests
  A bullfrog skeleton (D:6)
  4 iguanas
  Natasha (D:4)
  10 orc wizards
  2 killer bee zombies (D:8)
  4 gnolls (D:4)
  2 adders (D:2)
  A shadow imp (D:5)
  2 white imps
  An ufetubus (D:4)
  A worm (D:2)
  A dart slug (D:1)
  28 orcs
  17 endoplasms
  5 giant cockroaches
  3 goblins
  4 hobgoblins
  14 jackals
  16 kobolds
  A quokka (D:3)
  5 ball pythons
  2 bats
  2 frilled lizards
  2 rats (D:3)
238 creatures vanquished.

Vanquished Creatures (others)
  A wizard (D:5)
  11 fungi
  3 plants
  6 withered plants (Lair:1)
21 creatures vanquished.

Grand Total: 259 creatures vanquished

Notes
Turn   | Place    | Note
-------+----------+-------------------------------------------
     0 | D:1      | H0rd4k the Barachi Summoner began the quest for the Orb.
     0 | D:1      | Reached XP level 1. HP: 13/13 MP: 3/3
   655 | D:1      | Reached skill level 5 in Summonings
   796 | D:1      | Reached XP level 2. HP: 14/19 MP: 0/5
  1043 | D:1      | Noticed a golden eye
  1045 | D:1      | Found a faded altar of an unknown god.
  1050 | D:1      | Noticed a golden eye
  1053 | D:1      | Noticed a shining eye
  1055 | D:1      | Noticed a floating eye
  2070 | D:2      | Reached XP level 3. HP: 24/24 MP: 1/7
  2074 | D:2      | Learned a level 3 spell: Call Canine Familiar
  3837 | D:4      | Noticed a necrophage
  3910 | D:4      | Killed a necrophage
  3911 | D:4      | Reached skill level 6 in Summonings
  3911 | D:4      | Reached XP level 4. HP: 30/30 MP: 2/9
  4055 | D:4      | Noticed a scorpion
  4285 | D:4      | Reached XP level 5. HP: 35/35 MP: 6/10
  4583 | D:4      | Noticed Natasha
  4602 | D:4      | Killed Natasha
  4925 | D:4      | Noticed a lemure
  4940 | D:5      | Entered Level 5 of the Dungeon
  5471 | D:6      | Reached XP level 6. HP: 13/41 MP: 5/13
  5988 | D:5      | Noticed Blork the orc
  5999 | D:5      | Noticed a black bear
  6027 | D:5      | Killed a black bear
  6028 | D:5      | Reached skill level 5 in Spellcasting
  6028 | D:5      | Reached skill level 7 in Summonings
  6177 | D:5      | Found a bloodstained altar of Trog.
  6267 | D:5      | Noticed a wizard
  6273 | D:5      | Killed a wizard
  6501 | D:5      | Found Haoquh's Assorted Antiques.
  6758 | D:5      | Noticed a sky beast
  6767 | D:5      | Found a radiant altar of Vehumet.
  7505 | D:6      | Reached XP level 7. HP: 46/46 MP: 9/15
  7726 | D:6      | Noticed a troll
  8075 | D:7      | Learned a level 4 spell: Summon Lightning Spire
  8103 | D:7      | Noticed a water elemental
  8783 | D:6      | Reached skill level 8 in Summonings
  8856 | D:7      | Noticed Duvessa
  8856 | D:7      | Noticed Dowan
  9375 | D:7      | Noticed an air elemental
  9379 | D:7      | Found a stormy altar of Qazlal.
  9380 | D:7      | Noticed a fire elemental
  9385 | D:7      | Became a worshipper of Qazlal Stormbringer
  9413 | D:7      | Reached XP level 8. HP: 22/52 MP: 17/17
  9980 | D:6      | Found a runed translucent door.
  9981 | D:6      | Noticed Crazy Yiuf
 10052 | D:6      | Reached skill level 1 in Air Magic
 10052 | D:6      | Reached * piety under Qazlal
 10064 | D:6      | Noticed Menkaure
 10418 | D:6      | Noticed a nameless horror
 10636 | D:6      | Killed a troll
 10657 | D:6      | Killed a nameless horror
 10701 | D:6      | Reached skill level 9 in Summonings
 10779 | D:6      | Killed Menkaure
 11138 | D:6      | Noticed an oklob plant
 11328 | D:7      | Found a snail-covered altar of Cheibriados.
 11661 | D:7      | Found a staircase to the Ecumenical Temple.
 11886 | D:7      | Killed Dowan
 11902 | D:7      | Killed Duvessa
 11971 | D:7      | Reached skill level 1 in Shields
 12233 | D:8      | Found Toutt's Assorted Antiques.
 12352 | D:8      | Reached XP level 9. HP: 57/57 MP: 14/21
 12397 | D:8      | Reached skill level 10 in Summonings
 12839 | D:8      | Noticed a centaur warrior
 13386 | D:9      | Found a sparkling altar of Nemelex Xobeh.
 13392 | D:9      | Learned a level 4 spell: Animate Armour
 13498 | D:9      | Reached skill level 1 in Earth Magic
 13569 | D:9      | Found a staircase to the Lair.
 13632 | D:9      | Reached ** piety under Qazlal
 14068 | D:9      | Noticed a five-headed hydra
 14099 | D:9      | Killed a five-headed hydra
 15143 | D:10     | Entered Level 10 of the Dungeon
 15391 | D:10     | Noticed a troll
 15392 | D:10     | Noticed a gargoyle
 15396 | D:10     | Killed a troll
 15397 | D:10     | Reached skill level 10 in Spellcasting
 16031 | D:5      | Killed Blork the orc
 16218 | D:6      | Killed Crazy Yiuf
 16414 | Lair:1   | Entered Level 1 of the Lair of Beasts
 16530 | Lair:1   | Noticed a cane toad
 16535 | Lair:1   | Killed a cane toad
 16536 | Lair:1   | Reached XP level 10. HP: 63/63 MP: 17/24
 16571 | Lair:1   | Found a runed translucent gate.
 16571 | Lair:1   | Found a runed translucent gate.
 16571 | Lair:1   | Found a runed translucent gate.
 16572 | Lair:1   | Noticed Xaytacwe's ghost (journeyman GnNe)
 16573 | Lair:1   | Noticed Purph's ghost (journeyman MiBe)
 16684 | Lair:1   | Noticed a torpor snail
 16686 | Lair:1   | Reached skill level 11 in Summonings
 16695 | Lair:1   | Killed a torpor snail
 16820 | Lair:1   | Noticed a cane toad
 16842 | Lair:1   | Killed a cane toad
 16880 | Lair:1   | Noticed a black mamba
 16894 | Lair:1   | Killed a black mamba
 17189 | Lair:1   | Noticed a torpor snail
 17204 | Lair:1   | Killed a torpor snail
 17244 | Lair:1   | Found a snail-covered altar of Cheibriados.
 17244 | Lair:1   | Noticed a torpor snail
 17244 | Lair:1   | Noticed a torpor snail
 17252 | Lair:1   | Killed a torpor snail
 17284 | Lair:1   | Killed a torpor snail
 18119 | Lair:2   | Reached skill level 12 in Summonings
 18945 | Lair:3   | Noticed a merfolk siren
 18946 | Lair:3   | Noticed a merfolk siren
 18956 | Lair:3   | Killed a merfolk siren
 18964 | Lair:3   | Hit by a boomerang thrown by a merfolk

Illustrated notes

Levels and vault maps discovered:
D:1:      ebering_hopf_link, layout_basic,
          hellmonk_ecumenical_altar_watching_god,
          chequers_serial_rivers_micro_c, minivault_4, st_stairs_6
D:2:      layout_rooms, chequers_serial_rivers_room_a
D:3:      minmay_spotlight, layout_basic
D:4:      layout_basic, uniq_robin, uniq_pikel, uniq_natasha
D:5:      layout_loops_corners, trog_wizard, vehumet_statue, serial_shops,
          shop_fountains, uniq_blork_the_orc
D:6:      lemuel_slime, layout_basic, grunt_decor_junction,
          uniq_crazy_yiuf_cottage, uniq_menkaure
D:7:      layout_loops_ring, mainiacjoe_overflow_concentric_impassable,
          nicolae_qazlal_style_of_elements, minmay_temple_entry_offerings,
          nrook_campfire, minmay_misc_feat_roman, uniq_duvessa
D:8:      layout_basic, serial_shops, kennysheep_mini, wad_dig_loot
D:9:      kennysheep_big_flooded_room, layout_stronghold, nemelex_altar_shiori,
          lair_entry_dummy, hangedman_decor_opposing
D:10:     minmay_twisted_water, layout_basic, nicolae_sif_muna_little_library,
          uniq_maggie
Lair:1:   layout_long_grid, gammafunk_ghost_cemetery, kennysheep_snail_temple,
          lemuel_fruit_tree, grunt_megastairs_2, infiniplex_staircase_pool_2
Lair:2:   layout_hall_layers, serial_bayou_shore_a
Lair:3:   layout_gridlike, elwin_shoals_entry_stream, wad_woods_river_03,
          minmay_lindwurm_lava

Skill      XL: |  1  2  3  4  5  6  7  8  9 10 |
---------------+-------------------------------+-----
Summonings     | 5 6 7 8 9 10 12 | 12.2
Spellcasting   | 3 4 5 6 8 10 11 | 11.8
Air Magic      | 1 3 4 |  4.1
Shields        | 1 |  1.3
Earth Magic    | 1 2 |  2.0
Dodging        | |  2.8
Stealth        | |  1.7

Action                   |  1- 3 |  4- 6 |  7- 9 | 10-12 || total
-------------------------+-------+-------+-------+-------++-------
Melee: Unarmed           |     3 |     3 |     1 |       ||     7
 Cast: Summon Small Mamm |   151 |    49 |   128 |    18 ||   346
       Call Canine Famil |     3 |    45 |    92 |    27 ||   167
       Summon Lightning  |       |       |    40 |    33 ||    73
       Animate Armour    |       |       |    11 |     8 ||    19
 Abil: Hop               |     2 |     3 |    11 |     6 ||    22
Evoke: Wand              |       |       |     2 |       ||     2
  Use: Potion            |       |     1 |       |       ||     1
       Scroll            |       |       |     8 |     1 ||     9
Armor: Robe              |    13 |     2 |    12 |       ||    27
       Leather armour    |       |       |     2 |     4 ||     6
Dodge: Dodged            |    42 |    23 |    71 |    16 ||   152
Block: Other             |       |       |     2 |     4 ||     6
